 Dungeon Crawl Stone Soup version 0.29-a0-541-gaf1fc19f1b (webtiles) character file.

Game seed: 11807128985668303561

192 KyoPewz the Conjurer (level 5, -2/31 HPs)
             Began as an Octopode Conjurer on June 2, 2022.
             Slain by a scorpion (4 damage)
             ... on level 4 of the Dungeon.
             The game lasted 00:13:18 (4745 turns).

KyoPewz the Conjurer (Octopode Conjurer)            Turns: 4745, Time: 00:13:18

Health: -2/31      AC:  1    Str:  6    XL:     5   Next: 71%
Magic:  2/8        EV: 13    Int: 30    God:
Gold:   82         SH:  0    Dex: 10    Spells: 2/8 levels left

rFire   x . .      SeeInvis .   a - +10 hunting sling of the Burning Fox {vorpal, +Blink Int+7}
rCold   + . .      Faith    .   (no shield)
rNeg    . . .      Spirit   .   (helmet restricted)
rPois   .          Reflect  .   (no amulet)
rElec   .          Harm     .   f - ring of ice
rCorr   .          Rampage  .   k - ring of wizardry
Will    .....                   (no ring)
Stlth   +++.......              (no ring)
HPRegen 0.10/turn               (no ring)
MPRegen 0.11/turn               (no ring)
                                (no ring)
                                (no ring)

@: lethally poisoned (-2 -> -20)
A: almost no armour, amphibious, 8 rings, camouflage 1, gelatinous body 1,
(nimble swimmer 1), tentacles
a: Evoke Blink


You were on level 4 of the Dungeon.
You visited 1 branch of the dungeon, and saw 4 of its levels.

You collected 82 gold pieces.

Inventory:

Hand Weapons
 a - the +10 hunting sling of the Burning Fox (weapon) {vorpal, +Blink Int+7}
   (You found it on level 4 of the Dungeon)

   Any ammunition fired from it inflicts extra damage upon your enemies.
   Int:       It affects your intelligence (+7).
   +Blink:    It lets you blink.
 b - a +2 rapier of speed
 d - a +0 whip
 h - a +0 hand axe
 i - a +0 dagger
Missiles
 e - 70 stones
Jewellery
 f - a ring of ice (left tentacle)
 k - a ring of wizardry (right tentacle)
Scrolls
 c - a scroll of summoning
 j - a scroll of teleportation
 m - 2 scrolls of immolation
 n - 3 scrolls of identify
 o - a scroll of noise {unknown}
 p - a scroll of enchant weapon {unknown}
Potions
 g - 2 potions of curing
 l - a potion of berserk rage
 q - a potion of magic


   Skills:
 + Level 0.0 Slings
 - Level 2.1 Dodging
 - Level 2.9 Stealth
 - Level 2.1 Spellcasting
 - Level 6.2 Conjurations
 - Level 2.0 Hexes
 + Level 0.0 Evocations


You had 2 spell levels left.
You knew the following spells:

 Your Spells              Type           Power      Damage    Failure   Level
a - Magic Dart            Conj           100%       1d8       1%          1
b - Searing Ray           Conj           80%        2d7       1%          2
c - Dazzling Flash        Conj/Hex       54%        N/A       1%          3

Your spell library contained the following spells:

 Spells                   Type           Power      Damage    Failure   Level
 Call Imp                 Summ           3%         N/A       4%          2
 Fulminant Prism          Conj/Hex       13%        3d9       6%          4
 Iskenderun's Mystic Bla  Conj/Tloc      21%        2d6       9%          4
 Ice Form                 Ice/Tmut       4%         N/A       30%         4
 Freezing Cloud           Conj/Ice/Air   11%        6-21      34%         5
 Simulacrum               Ice/Necr       2%         N/A       99%         6


Dungeon Overview and Level Annotations

Branches:
Dungeon (4/15)
 Temple: D:4-7

Altars:
Ashenzari
Qazlal

Shops:
D:2 =

Annotations:
D:3 1 runed translucent door, Sigmund; brujo666's ghost, amateur MiFi


Innate Abilities, Weirdness & Mutations

You cannot wear most types of armour.
You are amphibious.
You can wear up to eight rings at the same time.
Your skin changes colour to match your surroundings (Stealth+).
Your rubbery body absorbs attacks. (AC +1, EV +1)
((You are camouflaged when in or above water. (Stealth+)))
You have tentacles for arms and can constrict up to eight enemies at once.


Message History

a - the +10 hunting sling of the Burning Fox (weapon)
{vorpal, +Blink Int+7}
q - a potion of magic
Casting: Dazzling Flash (safe; 1% risk of failure)
Confirm with . or Enter, or press ? or * to list all spells.
Casting: Dazzling Flash (safe; 1% risk of failure)
Press: ? - help, Dir - look around, f - activate Look: a scorpion (chance to dazzle: 64%)
The scorpion barely misses you.
Casting: Dazzling Flash (safe; 1% risk of failure)
Confirm with . or Enter, or press ? or * to list all spells.
You don't know that spell.
Fire: a) +10 hunting sling of the Burning Fox {vorpal, +Blink Int+7}
Press: ? - help, Q - select action, (/) - cycle Shift-Dir - straight line, f/p - scorpion
Aim: a scorpion (65% to hit)
You shoot a sling bullet. The sling bullet hits the scorpion!
The scorpion is severely wounded.
The scorpion stings you.
You are poisoned.
The scorpion poisons you! The scorpion closely misses you.
Casting: Dazzling Flash (safe; 1% risk of failure)
Confirm with . or Enter, or press ? or * to list all spells.
You don't know that spell.
Fire: a) +10 hunting sling of the Burning Fox {vorpal, +Blink Int+7}
Press: ? - help, Q - select action, (/) - cycle Shift-Dir - straight line, f/p - scorpion
Aim: a scorpion (severely wounded, 65% to hit)
You shoot a sling bullet. The sling bullet hits the scorpion.
The scorpion is almost dead.
You feel very sick. The scorpion stings you! x2
You are more poisoned.
The scorpion poisons you!
Fire: a) +10 hunting sling of the Burning Fox {vorpal, +Blink Int+7}
Press: ? - help, Q - select action, (/) - cycle Shift-Dir - straight line, f/p - scorpion
Aim: a scorpion (almost dead, 65% to hit)
You shoot a sling bullet.
The sling bullet barely misses the scorpion.
* * * LOW HITPOINT WARNING * * *
You feel extremely sick. The scorpion closely misses you.
The scorpion stings you.
You die...

#. ### ##.#
##.#
.##..s####.##
....8l'.##.#
.##...#....#
##+ ##...#
#....#
#s#..##
#@#...#
#.##..#
#....##
##....#
##.....##
#.......#
##.......#
#.......##
#.......#


You could see a scorpion.

Vanquished Creatures
  A scorpion (D:4)
  An iguana (D:4)
  3 adders
  An ufetubus (D:4)
  A worm (D:3)
  3 dart slugs
  3 orcs (D:3)
  10 ball pythons
  3 bats
  6 endoplasms
  3 giant cockroaches
  9 goblins
  2 hobgoblins
  3 jackals (D:2)
  8 kobolds
  3 quokkas (D:1)
  2 frilled lizards
  3 rats
65 creatures vanquished.

Notes
Turn   | Place    | Note
-------+----------+-------------------------------------------
     0 | D:1      | KyoPewz the Octopode Conjurer began the quest for the Orb.
     0 | D:1      | Reached XP level 1. HP: 11/11 MP: 3/3
   518 | D:1      | Reached XP level 2. HP: 17/17 MP: 0/5
   521 | D:1      | Learned a level 2 spell: Searing Ray
  1055 | D:1      | Found a faded altar of an unknown god.
  1273 | D:1      | Reached XP level 3. HP: 21/21 MP: 3/6
  1875 | D:2      | Reached skill level 5 in Conjurations
  1881 | D:2      | Learned a level 3 spell: Dazzling Flash
  2177 | D:2      | Reached XP level 4. HP: 21/27 MP: 5/7
  2532 | D:2      | Found Nuakusm's Jewellery Emporium.
  2841 | D:3      | Reached skill level 1 in Hexes
  3181 | D:3      | Noticed Sigmund
  3236 | D:3      | Found a runed translucent door.
  3236 | D:3      | Noticed brujo666's ghost (amateur MiFi)
  3260 | D:3      | Found a stormy altar of Qazlal.
  3261 | D:3      | Found a broken altar of Ashenzari.
  4165 | D:4      | Noticed a scorpion
  4175 | D:4      | Killed a scorpion
  4176 | D:4      | Reached XP level 5. HP: 16/31 MP: 0/8
  4325 | D:4      | Got the Collected Works on Freezing Companions
  4342 | D:4      | Reached skill level 6 in Conjurations
  4725 | D:4      | Identified the +10 hunting sling of the Burning Fox
                  | {vorpal, +Blink Int+7}
  4745 | D:4      | Slain by a scorpion

Illustrated notes

Levels and vault maps discovered:
D:1:      minmay_arrival_split_and_join, layout_basic,
          shapermc_ecumenical_altar_mp_highgroup, nicolae_figureground_sparkle
D:2:      layout_loops_corners, serial_shops, shop_statue
D:3:      layout_loops_cross, mainiacjoe_overflow_divided_tiny,
          hellmonk_ghost_happy_afterlife, corexii_corridor_pit,
          amethyst_killhole, uniq_sigmund
D:4:      layout_cave_pods, grunt_ministairs_5, uniq_blork_the_orc, uniq_pikel

Skill      XL: |  1  2  3  4  5 |
---------------+----------------+-----
Conjurations   | 5 6 |  6.2
Hexes          | 2 |  2.0
Dodging        | |  2.1
Stealth        | |  2.9
Spellcasting   | |  2.1

Action                   |  1- 3 |  4- 6 || total
-------------------------+-------+-------++-------
Melee: Unarmed           |     9 |       ||     9
       Tentacles         |     4 |     1 ||     5
       Constrict         |     3 |     4 ||     7
       Dagger            |    10 |       ||    10
       Hand axe          |     3 |       ||     3
       Rapier            |       |    12 ||    12
 Fire: Hunting sling     |       |     3 ||     3
 Cast: Magic Dart        |    65 |    48 ||   113
       Searing Ray       |       |     4 ||     4
       Dazzling Flash    |       |     2 ||     2
  Use: Scroll            |       |     6 ||     6
 Stab: Sleeping          |     1 |       ||     1
Armor: Skin              |     1 |       ||     1
Dodge: Dodged            |    18 |    10 ||    28

Table legend: (Time is in decaauts)
 A = Elapsed time spent in this place.
 B = Non-inter-level travel time spent in this place.
 C = Inter-level travel time spent in this place.
 D = Time resting spent in this place.
 E = Time spent auto-exploring this place.
 F = Levels seen in this place.
 G = Mean time per level.
                   A        B        C        D        E       F      G
               +--------+--------+--------+--------+--------+-----+--------+
         Total |   4739 |   4510 |    229 |    854 |   3212 |   4 | 1184.8 |
       Dungeon |   4739 |   4510 |    229 |    854 |   3212 |   4 | 1184.8 |
               +--------+--------+--------+--------+--------+-----+--------+

Top non-repeatable levels by time:
     D:1: 1567 daAuts
     D:2: 1371 daAuts
     D:3: 1017 daAuts
     D:4: 782 daAuts
